 Dungeon Crawl Stone Soup version 0.17.1-2-g5865329 (webtiles) character file.

453 Jerry the Ducker (level 7, -8/57 HPs)
             Began as a Human Monk on Feb 8, 2016.
             Mangled by an ogre
             ... wielding a +0 giant spiked club
              (27 damage)
             ... on level 4 of the Dungeon.
             The game lasted 00:14:46 (3149 turns).

Jerry the Ducker (Human Monk)                       Turns: 3149, Time: 00:14:46

Health: -8/57      AC:  8    Str: 12    XL:     7   Next: 26%
Magic:  7/7        EV: 15    Int: 12    God:
Gold:   255        SH:  0    Dex: 15    Spells: 0 memorised, 6 levels left

rFire  . . .     SeeInvis .     e - +1 short sword (protect)
rCold  . . .     Clarity  .     a - +0 robe
rNeg   . . .     SustAt   .     (no shield)
rPois  .         Gourm    .     A - +0 helmet
rElec  .         Spirit   .     (no cloak)
rCorr  .         Warding  .     (no gloves)
rMut   .         Stasis   .     (no boots)
MR     .....                    (no amulet)
Stlth  ++........               (no ring)
                                j - +2 ring of slaying

@: not resistant to hostile enchantments, unstealthy
A: no striking features
a: no special abilities


You were on level 4 of the Dungeon.
You were hungry.

You visited 1 branch of the dungeon, and saw 4 of its levels.

You collected 255 gold pieces.

Inventory:

Hand Weapons
 e - a +1 short sword of protection (weapon)
 y - a +0 whip of flaming
Missiles
 c - 85 stones (quivered)
Armour
 a - a +0 robe (worn)
 A - a +0 helmet (worn)
Jewellery
 j - a +2 ring of slaying (left hand)
Wands
 p - a wand of fireball (11)
Scrolls
 d - a scroll of amnesia
 i - a scroll of blinking
 m - a scroll of remove curse
 u - a scroll of identify
Potions
 g - 2 potions of lignification {unknown}
 h - 2 potions of agility {unknown}
 k - a potion of invisibility {unknown}
 l - a potion of curing {unknown}
 o - a potion of poison {unknown}
 r - a potion of might {unknown}
 w - a potion of degeneration {unknown}
 z - a potion of mutation {unknown}
Comestibles
 b - a bread ration
 f - 3 meat rations
 q - a slice of pizza
 s - a royal jelly
 x - 4 fruits


   Skills:
 + Level 5.6 Fighting
 + Level 0.8 Armour
 + Level 5.9 Dodging
 - Level 2.0 Stealth
 - Level 4.0 Unarmed Combat


You had 6 spell levels left.
You didn't know any spells.

Dungeon Overview and Level Annotations

Branches:
Dungeon (4/15)
 Temple: D:4-7

Altars:


Message History

You see here a mace.
The ogre shouts!
You hit the ogre.
The ogre is lightly wounded.
The ogre completely misses you.
You hit the ogre.
The ogre is moderately wounded.
The ogre hits you with a giant spiked club!
You hit the ogre.
The ogre is moderately wounded.
You barely miss the ogre.
The ogre is moderately wounded.
The ogre hits you with a giant spiked club!
You hit the ogre.
The ogre is heavily wounded.
The ogre hits you with a giant spiked club!!
You hit the ogre.
The ogre is severely wounded.
The ogre hits you with a giant spiked club!!
You die...

#.......# #.# #
.(...###.## #.# .#####..#
#..# #.# ...##..# ##.###÷#
##..... #..#..####### ##
.....#######...........
#..?##..(..........###...#
#....O#######..###.....
#...#.@..####..........
#..######...###.##...... #
#.. ###.###.....<... ...
#..#..###..... ###.
##............ # #
#.########..##...### .#
#...........###.†... ##.#
#####(..##.# ###.## ...#
#.#....# #.##


You could see an ogre.

Vanquished Creatures
  The ghost of Metrazal the Sneak, an amateur SpAs (D:4)
  2 scorpions (D:4)
  A hound (D:4)
  An orc wizard (D:3)
  2 orc priests (D:3)
  A worker ant (D:4)
  9 adders
  2 orcs (D:3)
  4 ball pythons
  6 giant cockroaches
  8 hobgoblins
  11 jackals
  8 kobolds
  7 bats
  A giant newt (D:2)
  12 goblins
  6 rats
82 creatures vanquished.

Notes
Turn   | Place    | Note
--------------------------------------------------------------
     0 | D:1      | Jerry the Human Monk began the quest for the Orb.
     0 | D:1      | Reached XP level 1. HP: 18/18 MP: 1/1
   192 | D:1      | Reached XP level 2. HP: 22/24 MP: 2/2
   768 | D:2      | Reached XP level 3. HP: 29/29 MP: 3/3
  1050 | D:2      | Reached XP level 4. HP: 32/37 MP: 4/4
  1691 | D:3      | Reached XP level 5. HP: 42/42 MP: 5/5
  2157 | D:3      | Reached skill level 5 in Dodging
  2157 | D:3      | Reached XP level 6. HP: 43/50 MP: 6/6
  2364 | D:4      | Reached skill level 5 in Fighting
  2629 | D:4      | Noticed an ice beast
  2899 | D:4      | Noticed Metrazal's ghost (amateur SpAs)
  2943 | D:4      | Killed Metrazal's ghost
  2943 | D:4      | Reached XP level 7. HP: 56/56 MP: 7/7
  3149 | D:4      | Mangled by an ogre

Action                   |  1- 3 |  4- 6 |  7- 9 || total
-------------------------+-------+-------+-------++-------
Melee: Short sword       |    88 |   227 |    23 ||   338
       Unarmed           |    12 |       |       ||    12
  Use: Scroll            |       |     8 |       ||     8
 Stab: Sleeping          |     2 |     4 |     1 ||     7
       Distracted        |       |     1 |       ||     1
  Eat: Chunk             |       |     6 |     1 ||     7
